 Dungeon Crawl Stone Soup version 0.22.0 (webtiles) character file.

63 Astral24 the Grave Robber (level 3, 0/24 HPs)
             Began as a Vampire Necromancer on Oct 20, 2018.
             Slain by a jackal (2 damage)
             ... on level 1 of the Dungeon.
             The game lasted 00:15:48 (1800 turns).

Astral24 the Grave Robber (Vampire Necromancer)     Turns: 1800, Time: 00:15:49

Health: 0/24       AC:  2    Str:  7    XL:     3   Next: 87%
Magic:  3/6        EV: 13    Int: 18    God:
Gold:   53         SH:  0    Dex: 14    Spells: 4/6 levels left

rFire    . . .     SeeInvis +   h - +0 short sword
rCold    . . .     Gourm    .   (no shield)
rNeg     + . .     Faith    .   a - +0 robe
rPois    .         Spirit   .   (no helmet)
rElec    .         Reflect  .   (no cloak)
rCorr    .         Harm     .   (no gloves)
MR       .....                  (no boots)
Stlth    ++........             (no amulet)
HPRegen  0.08/turn              (no ring)
MPRegen  0.10/turn              (no ring)

@: no status effects
A: fangs 3, see invisible, unbreathing
a: Bat Form


You were on level 1 of the Dungeon.
You were not thirsty.

You visited 1 branch of the dungeon, and saw 2 of its levels.

You collected 53 gold pieces.

Inventory:

Hand Weapons
 h - a +0 short sword (weapon)
Missiles
 d - 58 stones (quivered)
Armour
 a - a +0 robe (worn)
 f - a scarf of cloud immunity
Scrolls
 g - a scroll of identify
 m - 3 scrolls of remove curse
Potions
 b - 2 potions of might
 c - 20 potions of blood
 e - a potion of resistance {unknown}
 i - a potion of heal wounds {unknown}
 j - a potion of lignification {unknown}
 l - a potion of haste {unknown}
 n - a potion of degeneration {unknown}


   Skills:
 * Level 1.0 Short Blades
 * Level 2.4 Dodging
 * Level 3.5 Stealth
 + Level 2.1 Spellcasting
 * Level 5.5 Necromancy


You had 4 spell levels left.
You knew the following spells:

 Your Spells              Type           Power        Failure   Level  Hunger
a - Pain                  Necr           ###.         1%          1    #......
b - Animate Skeleton      Necr           N/A          1%          1    #......

Your spell library contained the following spells:

 Spells                   Type           Power        Failure   Level  Hunger
 Animate Dead             Necr           N/A          19%         4    #####..
 Vampiric Draining        Necr           ###.......   5%          3    ###....
 Regeneration             Chrm/Necr      ##........   17%         3    ###....


Dungeon Overview and Level Annotations

Branches:
Dungeon (2/15)

Altars:


Innate Abilities, Weirdness & Mutations

You have razor-sharp teeth.
You have supernaturally acute eyesight. (SInv)
You can survive without breathing.


Message History

The jackal writhes in agony!
The jackal bites you.
* * * LOW HITPOINT WARNING * * *
The jackal bites you.
* * * LOW HITPOINT WARNING * * *
The jackal bites you.
* * * LOW HITPOINT WARNING * * *
The jackal closely misses you. The jackal barely misses you.
The jackal closely misses you.
There is a stone staircase leading up here.
The jackal barely misses you.
You climb upwards.
There is a stone staircase leading down here.
Casting: Pain (safe; 1% risk of failure)
Confirm with . or Enter, or press ? or * to list all spells.
Aiming: Pain (safe; 1% risk of failure)
Press: ? - help, Shift-Dir - straight line, f - jackal
Aim: a jackal (almost dead, chance to defeat MR: 91%)
The jackal barely resists.
The jackal bites you.
You die...

#....#.....##.........#...###...#
#....###..###.###..######## #####
#.######.########.## #
.....##......# #..#
####.##.####.# #.##
#.##.#..#.###.########
#.##......#..........#
####.#####..##.########.#
................@h....#.#
#########...##.######.#.#
........#...##'######.#.#
........#.............#.#
........'.............#.#
........#.##..........#.#
........#.##......[...#.##
........#................#
........#####.........####


You could see a jackal.

Vanquished Creatures
  2 adders (D:2)
  2 giant cockroaches (D:1)
  3 goblins (D:1)
  8 hobgoblins
  3 jackals (D:2)
  2 kobolds (D:1)
  A quokka (D:2)
  2 ball pythons (D:1)
  7 bats (D:1)
  8 frilled lizards
  5 rats
43 creatures vanquished.

Vanquished Creatures (collateral kills)
  A frilled lizard (D:1)
1 creature vanquished.

Grand Total: 44 creatures vanquished

Notes
Turn   | Place    | Note
-------+----------+-------------------------------------------
     0 | D:1      | Astral24 the Vampire Necromancer began the quest for the Orb.
     0 | D:1      | Reached XP level 1. HP: 13/13 MP: 3/3
     2 | D:1      | Learned a level 1 spell: Animate Skeleton
   171 | D:1      | Reached XP level 2. HP: 14/19 MP: 0/5
   546 | D:1      | Reached skill level 5 in Necromancy
   976 | D:1      | Reached XP level 3. HP: 22/24 MP: 3/6
  1409 | D:2      | Reached skill level 1 in Short Blades
  1800 | D:1      | Slain by a jackal

Skill      XL: |  1  2  3 |
---------------+----------+-----
Necromancy     | 5 |  5.5
Short Blades   | 1 |  1.0
Dodging        | |  2.4
Stealth        | |  3.5
Spellcasting   | |  2.1

Action                   || total
-------------------------++-------
Melee: Unarmed           ||     8
       Dagger            ||    22
       Bite              ||     3
       Short sword       ||    11
 Cast: Pain              ||    53
       Animate Skeleton  ||     3
  Use: Potion            ||     3
       Scroll            ||     3
 Stab: Sleeping          ||     3
       Distracted        ||     1
Armor: Robe              ||    22
Dodge: Dodged            ||    63
